 Dungeon Crawl Stone Soup version 0.28.0-47-ge53b351184 (webtiles) character file.

Game seed: 5774604585444875234

21510 firemarshallily the Gelid (level 12, -10/78 HPs)
             Began as a Merfolk Ice Elementalist on May 10, 2022.
             Was a High Priest of Dithmenos.
             Mangled by a fire giant
             ... wielding a +2 great sword of flaming
              (11 damage)
             ... on level 11 of the Dungeon.
             The game lasted 01:38:02 (16471 turns).

firemarshallily the Gelid (MfIE)                   Turns: 16471, Time: 01:38:04

Health: -10/78     AC:  9    Str:  9    XL:     12   Next: 90%
Magic:  23/37      EV: 13    Int: 18    God:    Dithmenos [*****.]
Gold:   782        SH:  0    Dex: 21    Spells: 12/36 levels left

rFire   . . .      SeeInvis .   I - staff of conjuration
rCold   . . .      Faith    .   (no shield)
rNeg    . . .      Spirit   .   q - +2 robe
rPois   .          Reflect  .   o - +1 helmet
rElec   .          Harm     .   (no cloak)
rCorr   .          Rampage  .   s - +2 pair of gloves
Will    .....                   (no boots)
Stlth   ++++......              (no amulet)
HPRegen 0.23/turn               b - +6 ring of dexterity
MPRegen 0.25/turn               e - ring of magical power

@: swift, wreathed by umbra, quick
A: (nimble swimmer 2), mertail
a: Renounce Religion, Shadow Step, Shadow Form


You were on level 11 of the Dungeon.
You worshipped Dithmenos.
Dithmenos was extremely pleased with you.
You visited 1 branch of the dungeon, and saw 12 of its levels.
You also visited: Bailey.

You collected 782 gold pieces.

Inventory:

Hand Weapons
 x - a +2 dagger of holy wrath
 y - a +0 spear of venom
 A - a +6 dagger
Missiles
 c - 8 boomerangs
 h - 412 stones
 m - 17 poisoned darts (quivered)
 w - 11 javelins
 U - 3 silver javelins
Armour
 f - a +0 troll leather armour
 o - a +1 helmet (worn)
 q - a +2 robe (worn)
 s - a +2 pair of gloves (worn)
 t - a +1 plate armour of fire resistance
 K - a +4 chain mail of poison resistance
 O - +0 swamp dragon scales
 T - the +0 chain mail of the Unseen Realm {rC+ rN+ Will++ Str-4}
   (You found it on level 11 of the Dungeon)

   Str:       It affects your strength (-4).
   rC:        It protects you from cold.
   rN:        It protects you from negative energy.
   Will:      It greatly increases your willpower.
Magical Staves
 k - a staff of death
 I - a staff of conjuration (weapon)
Jewellery
 b - a +6 ring of dexterity (left hand)
 e - a ring of magical power (right hand)
 r - the ring "Hiproix" {rPois rC+ Will++ EV+4 Dex-4}
   (You found it on level 3 of the Dungeon)

   [ring of evasion]

   EV:        It affects your evasion (+4).
   Dex:       It affects your dexterity (-4).
   rC:        It protects you from cold.
   rPois:     It protects you from poison.
   Will:      It greatly increases your willpower.
 C - a ring of protection from fire
 F - a ring of resist corrosion
 G - a ring of see invisible
 P - an amulet of faith
Wands
 p - a wand of acid (1)
 z - a wand of flame (17)
 B - a wand of polymorph (12)
 D - a wand of paralysis (7)
 V - a wand of iceblast (7)
Scrolls
 n - 2 scrolls of fear
 u - a scroll of vulnerability
 E - a scroll of teleportation
 J - 3 scrolls of fog
 M - a scroll of silence
Potions
 a - a potion of haste
 d - 2 potions of might
 g - 2 potions of flight {unknown}
 i - 3 potions of brilliance {unknown}
 j - 4 potions of resistance
 l - 2 potions of curing
 v - a potion of berserk rage {unknown}
 H - 2 potions of mutation {unknown}
 L - 2 potions of invisibility {unknown}
 N - 2 potions of magic {unknown}
 S - a potion of degeneration {unknown}
Miscellaneous
 Q - a box of beasts


   Skills:
 + Level 1.8 Fighting
 - Level 3.0 Short Blades
 - Level 3.0 Dodging
 - Level 3.0 Stealth
 * Level 12.7 Spellcasting
 - Level 3.0 Conjurations
 - Level 2.0 Translocations
 * Level 15.4 Ice Magic
 - Level 3.0 Air Magic
 - Level 5.0 Poison Magic


You had 12 spell levels left.
You knew the following spells:

 Your Spells              Type           Power      Damage    Failure   Level
a - Freeze                Ice            100%       1d11      0%          1
b - Frozen Ramparts       Ice            100%       1d12      1%          3
c - Ozocubu's Armour      Ice            61%        N/A       1%          3
d - Blink                 Tloc           36%        N/A       4%          2
e - Shock                 Conj/Air       100%       1d9       1%          1
f - Hailstorm             Conj/Ice       61%        3d13      1%          4
g - Poisonous Vapours     Pois/Air       50%        N/A       1%          2
h - Apportation           Tloc           36%        N/A       2%          1
i - Swiftness             Air            22%        N/A       5%          3
j - Olgreb's Toxic Radia  Pois           29%        N/A       8%          4

Your spell library contained the following spells:

 Spells                   Type           Power      Damage    Failure   Level
 Sting                    Tmut/Pois      80%        1d7       2%          1
 Beastly Appendage        Tmut           22%        N/A       6%          1
 Spider Form              Tmut/Pois      20%        N/A       6%          3
 Lesser Beckoning         Tloc           18%        N/A       8%          3
 Wereblood                Tmut           11%        N/A       9%          2
 Airstrike                Air            11%        N/A       17%         4
 Animate Armour           Summ/Erth      22%        N/A       52%         4
 Alistair's Intoxication  Tmut/Pois      13%        N/A       52%         5
 Manifold Assault         Tloc           18%        N/A       58%         5
 Blade Hands              Tmut           5%         N/A       86%         5
 Iron Shot                Conj/Erth      12%        9d3       99%         6


Dungeon Overview and Level Annotations

Branches:
Dungeon (12/15)            Temple (0/1) D:7            Lair (0/6) D:10
 Bailey (visited)
    Orc: D:9-12

Altars:
Dithmenos
Nemelex Xobeh
Trog
Beogh

Shops:
D:4 [   D:8 *   D:11 [   D:12 [*?

Annotations:
D:3 3 runed translucent doors, 5 exclusions, Jingleheimer's ghost, amateur FoFi
D:6 1 runed translucent door, exclusions: ice beast and 3 more exclusions, Psyclone's ghost, novice OpIE
D:9 2 transporters, exclusion: downstairs, NinjaNoafa's ghost, journeyman DjCj


Innate Abilities, Weirdness & Mutations

((You are very nimble when in or above water. (Stealth+, EV+, Speed+++)))
Your lower body shifts to a powerful aquatic tail in water.


Message History

Casting: Freeze (safe; 0% risk of failure)
Confirm with . or Enter, or press ? or * to list all spells.
Aiming: Freeze (safe; 0% risk of failure)
Press: ? - help, Shift-Dir - straight line, f/p - yak
Aim: a yak (moderately wounded, umbra)
You freeze the yak!
The yak is heavily wounded.
The wall freezes the yak.
The yak snorts and paws the ground.
The yak gores you.
The wall freezes the yak!
You kill the yak!
Dithmenos accepts your kill. The yak misses you.
Casting: Freeze (safe; 0% risk of failure)
Confirm with . or Enter, or press ? or * to list all spells.
Aiming: Freeze (safe; 0% risk of failure)
Press: ? - help, Shift-Dir - straight line, f/p - yak
Aim: a yak (heavily wounded, umbra)
You freeze the yak!
The yak is severely wounded.
The wall freezes the yak!
You kill the yak!
Dithmenos accepts your kill. The yak gores you but does no damage.
The wall freezes the fire giant.
Your icy armour and frozen ramparts will break if you move.
Continue?
The yak closely misses you.
The frozen ramparts melt away.
You climb upwards.
Your icy armour cracks and falls away as you move.
There is a stone staircase leading down here.
Casting: Freeze (safe; 0% risk of failure)
Confirm with . or Enter, or press ? or * to list all spells.
You feel quick.
The fire giant hits you with a +2 great sword of flaming!
The fire giant burns you.
* * * LOW HITPOINT WARNING * * *
The yak misses you.
The fire giant hits you with a +2 great sword of flaming!!
* * * LOW HITPOINT WARNING * * *
The fire giant burns you!
You die...

##..### #.# #............
##...## #.# #............
##...## #.# ##............
##...###.# #............. #
###..##.# #............. #
##....# #............. #
##...# #.............
##.C###.............
##@>###............ ##Y#
#............
#.####........... #..#
#........... ######
##.####.........# ##....#####
#..# ##........#
#.........###
##.#####........
#...........##
#.##.........##
#............###....#########


You could see a fire giant and a yak.

Vanquished Creatures
  2 vault guards (Bailey)
  2 hydras
  A centaur warrior (D:12)
  2 two-headed ogres
  A death knight (D:12)
  Urug (D:10)
  A necromancer (D:12)
  Pikel (D:8)
  2 ugly things (D:12)
  2 cyclopes (D:12)
  4 manticores
  A gargoyle (D:10)
  An unseen horror (D:12)
  Maggie (D:10)
  A kobold demonologist (D:12)
  A komodo dragon (D:7)
  5 trolls
  Prince Ribbit (Bailey)
  14 yaks
  A shadow (D:9)
  2 wraiths
  A wyvern (D:11)
  7 vampire mosquitoes
  Grum (D:9)
  5 humans (Bailey)
  A water moccasin (D:5)
  8 orc warriors
  2 sky beasts (D:6)
  A hornet zombie (D:6)
  A black bear (D:6)
  A necrophage (D:6)
  An ogre (D:6)
  3 wolves (D:9)
  3 centaurs
  A lemure (D:8)
  4 kobold brigands
  Blork the orc (D:4)
  11 bullfrogs
  A gnoll sergeant (D:6)
  2 scorpions (D:6)
  A wyvern skeleton (D:7)
  A water moccasin skeleton (D:7)
  10 killer bees (D:8)
  4 wights (D:8)
  2 howler monkeys
  2 hounds
  3 centaur zombies
  3 jellies
  8 orc priests
  A centaur skeleton (D:4)
  Ijyb (D:3)
  7 iguanas
  7 orc wizards
  A killer bee zombie (D:7)
  A hound skeleton (D:4)
  2 howler monkey zombies (D:10)
  9 gnolls
  8 adders
  2 shadow imps
  2 white imps (D:7)
  2 ufetubi
  A worm (D:3)
  3 dart slugs
  33 orcs
  7 ball pythons
  7 bats
  4 endoplasms
  6 giant cockroaches
  12 goblins
  11 hobgoblins
  9 jackals
  4 quokkas
  7 frilled lizards
  21 kobolds
  6 rats
310 creatures vanquished.

Vanquished Creatures (others)
  A ball python (D:3)
  An endoplasm (D:3)
  11 plants
13 creatures vanquished.

Grand Total: 323 creatures vanquished

Notes
Turn   | Place    | Note
-------+----------+-------------------------------------------
     0 | D:1      | firemarshallily the Merfolk Ice Elementalist began the
                  | quest for the Orb.
     0 | D:1      | Reached XP level 1. HP: 13/13 MP: 3/3
   160 | D:1      | Found a faded altar of an unknown god.
   169 | D:1      | Prayed at the altar of an unknown god.
   169 | D:1      | Became a worshipper of Dithmenos the Shadowed
   169 | D:1      | Reached * piety under Dithmenos
   286 | D:1      | Reached XP level 2. HP: 12/19 MP: 5/5
  1077 | D:2      | Reached XP level 3. HP: 23/24 MP: 6/6
  1597 | D:2      | Reached skill level 5 in Ice Magic
  1604 | D:2      | Reached XP level 4. HP: 30/30 MP: 8/8
  1732 | D:2      | Reached ** piety under Dithmenos
  1754 | D:2      | Learned a level 3 spell: Frozen Ramparts
  2412 | D:3      | Reached skill level 1 in Translocations
  2510 | D:3      | Learned a level 3 spell: Ozocubu's Armour
  2650 | D:3      | Noticed Ijyb
  2657 | D:3      | Killed Ijyb
  2658 | D:3      | Reached XP level 5. HP: 31/35 MP: 9/9
  2733 | D:3      | Found a runed translucent gate.
  2733 | D:3      | Found a runed translucent gate.
  2887 | D:3      | Found a runed translucent gate.
  2889 | D:3      | Noticed Jingleheimer's ghost (amateur FoFi)
  2922 | D:3      | Identified the ring "Hiproix" {rPois rC+ Will++ EV+4 Dex-4}
  3370 | D:4      | Reached XP level 6. HP: 25/41 MP: 11/11
  3493 | D:4      | Learned a level 2 spell: Blink
  3499 | D:4      | Found a sparkling altar of Nemelex Xobeh.
  3540 | D:4      | Reached skill level 6 in Ice Magic
  4304 | D:4      | Found Xaepn's Antique Armour Shoppe.
  4479 | D:4      | Noticed Blork the orc
  4502 | D:4      | Killed Blork the orc
  4503 | D:4      | Reached XP level 7. HP: 38/46 MP: 13/13
  4601 | D:5      | Entered Level 5 of the Dungeon
  4760 | D:5      | Reached *** piety under Dithmenos
  4841 | D:5      | Reached skill level 7 in Ice Magic
  5045 | D:5      | Reached skill level 5 in Spellcasting
  5361 | D:6      | Reached skill level 1 in Short Blades
  5521 | D:6      | Reached XP level 8. HP: 45/52 MP: 16/16
  5963 | D:6      | Reached skill level 8 in Ice Magic
  6573 | D:6      | Found a runed translucent door.
  6576 | D:6      | Noticed Psyclone's ghost (novice OpIE)
  6673 | D:6      | Learned a level 1 spell: Shock
  6787 | D:6      | Reached skill level 1 in Conjurations
  6861 | D:6      | Reached XP level 9. HP: 57/57 MP: 13/19
  6873 | D:6      | Reached skill level 9 in Ice Magic
  7306 | D:7      | Reached **** piety under Dithmenos
  7324 | D:7      | Noticed a komodo dragon
  7343 | D:7      | Killed a komodo dragon
  8133 | D:7      | Learned a level 4 spell: Hailstorm
  8136 | D:7      | Learned a level 2 spell: Poisonous Vapours
  8561 | D:7      | Reached skill level 10 in Ice Magic
  8564 | D:7      | Found a staircase to the Ecumenical Temple.
  8882 | D:8      | Noticed Pikel
  8890 | D:8      | Killed Pikel
  9238 | D:8      | Reached XP level 10. HP: 63/63 MP: 22/22
  9243 | D:8      | Reached skill level 1 in Air Magic
  9503 | D:8      | Found Fifebo's General Store.
  9918 | D:9      | Reached skill level 11 in Ice Magic
  9968 | D:9      | Found a flagged portal.
 10110 | Bailey   | Entered a bailey
 10391 | Bailey   | Reached ***** piety under Dithmenos
 10409 | Bailey   | Reached skill level 12 in Ice Magic
 10457 | Bailey   | Noticed a vault guard
 10569 | Bailey   | Noticed Prince Ribbit
 10593 | Bailey   | Killed Prince Ribbit
 10601 | Bailey   | Killed a vault guard
 10602 | Bailey   | Reached skill level 10 in Spellcasting
 10602 | Bailey   | Reached XP level 11. HP: 61/68 MP: 4/25
 10746 | Bailey   | Noticed a vault guard
 10759 | Bailey   | Killed a vault guard
 10962 | D:9      | Found a transporter.
 10970 | D:9      | Found a transporter.
 10972 | D:9      | Noticed NinjaNoafa's ghost (journeyman DjCj)
 10973 | D:9      | Found a bloodstained altar of Trog.
 10980 | D:9      | Noticed a tengu warrior
 10993 | D:9      | Noticed a moth of wrath
 11436 | D:9      | Noticed Grum
 11444 | D:9      | Killed Grum
 12014 | D:10     | Entered Level 10 of the Dungeon
 12084 | D:10     | Reached skill level 13 in Ice Magic
 12257 | D:10     | Noticed Maggie
 12280 | D:10     | Killed Maggie
 12281 | D:10     | Reached skill level 1 in Poison Magic
 12688 | D:10     | Found a staircase to the Lair.
 12723 | D:10     | Noticed Urug
 12731 | D:10     | Killed Urug
 13093 | D:10     | Noticed a manticore
 13098 | D:10     | Killed a manticore
 13513 | D:11     | Noticed a manticore
 13533 | D:11     | Killed a manticore
 13776 | D:11     | Identified the +0 chain mail of the Unseen Realm {rC+ rN+
                  | Will++ Str-4}
 13884 | D:11     | Found Cuhi's Antique Armour Shop.
 14117 | D:11     | Noticed a five-headed hydra
 14123 | D:11     | Killed a five-headed hydra
 14630 | D:11     | Noticed a two-headed ogre
 14635 | D:11     | Killed a two-headed ogre
 14636 | D:11     | Reached XP level 12. HP: 73/74 MP: 24/27
 14639 | D:11     | Reached skill level 14 in Ice Magic
 14822 | D:12     | Found Hifruc's Antique Armour Boutique.
 14901 | D:12     | Noticed a yaktaur captain
 15326 | D:12     | Noticed a death knight
 15326 | D:12     | Found Sucw's Magic Scroll Emporium.
 15463 | D:12     | Learned a level 1 spell: Apportation
 15467 | D:12     | Learned a level 3 spell: Swiftness
 15472 | D:12     | Learned a level 4 spell: Olgreb's Toxic Radiance
 15476 | D:12     | Noticed a four-headed hydra
 15481 | D:12     | Killed a four-headed hydra
 15544 | D:12     | Noticed a death knight
 15544 | D:12     | Noticed a centaur warrior
 15544 | D:12     | Noticed a two-headed ogre
 15548 | D:12     | Killed a two-headed ogre
 15549 | D:12     | Killed a centaur warrior
 15550 | D:12     | Reached skill level 5 in Poison Magic
 15550 | D:12     | Killed a death knight
 15553 | D:12     | Reached skill level 15 in Ice Magic
 15837 | D:12     | Noticed a fire giant
 15850 | D:12     | Identified the +0 leather armour of Day {Rampage}
 15874 | D:12     | Noticed a centaur warrior
 16084 | D:12     | Found Plog's Assorted Antiques.
 16090 | D:12     | Reached skill level 1 in Fighting
 16099 | D:12     | Noticed an ettin
 16471 | D:11     | HP: 1/78 [fire giant/+2 great sword of flaming (22)]
 16471 | D:11     | Mangled by a fire giant

Illustrated notes

Levels and vault maps discovered:
D:1:      lightli_arrival_chessboard, layout_basic,
          ebering_ecumenical_altar_rust, minmay_stone_trees_large,
          minmay_close_crescents
D:2:      layout_basic, kennysheep_donut, minmay_increasing_density
D:3:      layout_loops_ring, ebering_ghost_rock_garden,
          corexii_item_surrounded_by_moat, lemuel_old_faithful, uniq_ijyb
D:4:      kb_forest_paths, layout_basic, mainiacjoe_overflow_six_doors_small,
          serial_shops, nicolae_diamond_shop, corexii_hall_statues_i,
          uniq_blork_the_orc
D:5:      layout_rooms
D:6:      nicolae_cairo_tiling_large, layout_gridville,
          hellmonk_ghost_happy_afterlife, st_stairs_7, grunt_ministairs_2
D:7:      layout_basic, minmay_temple_entry_glass,
          hangedman_abyss_or_decor_stagger, minmay_lizard_king
D:8:      layout_basic, serial_shops, kennysheep_mini, david_defended_altar_orc,
          uniq_pikel
D:9:      layout_basic, gammafunk_ghost_wrathful_warriors, enter_bailey_5,
          uniq_grum
D:10:     layout_stronghold, lair_entry_dummy, uniq_urug, uniq_maggie
D:11:     layout_cave_pods, serial_glass, glass_columns_a, glass_columns_c,
          serial_shops, nicolae_lakefront_shop
D:12:     minmay_strange_plus, layout_rooms, serial_shops, shop,
          nicolae_shop_overgrown_old_shop, shop, shop_coins,
          nicolae_take_the_stairs, minmay_joined_circles

Skill      XL: |  1  2  3  4  5  6  7  8  9 10 11 12 |
---------------+-------------------------------------+-----
Dodging        | 3 |  3.0
Ice Magic      | 5 6 7 8 10 12 13 15 | 15.4
Spellcasting   | 3 4 5 6 8 10 11 12 | 12.7
Translocations | 1 2 |  2.0
Stealth        | 3 |  3.0
Short Blades   | 1 3 |  3.0
Conjurations   | 1 3 |  3.0
Air Magic      | 3 |  3.0
Poison Magic   | 3 5 |  5.0
Fighting       | 1 |  1.8

Action                   |  1- 3 |  4- 6 |  7- 9 | 10-12 || total
-------------------------+-------+-------+-------+-------++-------
Melee: Short sword       |     2 |    46 |    34 |       ||    82
       Punch             |       |     3 |       |     2 ||     5
       Tailslap          |       |     1 |       |       ||     1
       Spear             |       |       |     6 |       ||     6
       Dagger            |       |       |    13 |    42 ||    55
       Staff             |       |       |       |     3 ||     3
Throw: Stone             |     2 |     2 |       |       ||     4
       Dart              |       |     3 |    10 |       ||    13
       Javelin           |       |       |     9 |       ||     9
 Cast: Freeze            |    57 |    93 |    55 |    92 ||   297
       Frozen Ramparts   |       |     6 |    51 |    48 ||   105
       Ozocubu's Armour  |       |     4 |    32 |    29 ||    65
       Blink             |       |     1 |       |       ||     1
       Shock             |       |       |    77 |   135 ||   212
       Poisonous Vapours |       |       |     2 |     4 ||     6
       Hailstorm         |       |       |     1 |    46 ||    47
       Swiftness         |       |       |       |     4 ||     4
       Olgreb's Toxic Ra |       |       |       |     1 ||     1
Invok: Shadow Step       |       |       |       |     1 ||     1
Evoke: Wand              |       |       |     2 |       ||     2
  Use: Scroll            |     3 |     6 |     6 |     8 ||    23
       Potion            |       |       |       |     5 ||     5
 Stab: Sleeping          |       |    10 |     5 |       ||    15
       Distracted        |       |     1 |       |       ||     1
Armor: Robe              |     7 |    29 |    50 |    88 ||   174
Dodge: Dodged            |    29 |    83 |    87 |   145 ||   344
